Comets vs Thunderbirds

Created - April 16, 2025 at 21:41

Goals
1 2 3 T
Comets 0 2 6 8
Thunderbirds 1 3 2 6
Shots
1 2 3 T
Comets 10 13 16 39
Thunderbirds 18 12 9 39

1st period

1. Thunderbirds , Michael Rasmussen 17 (Dylan Sikura 27, Anthony Richard 33) at 19:59

Penalties :
Jeremy Lauzon (Spr) for Interference (Minor) at 0:17, Dylan Blujus (Spr) for Roughing (Minor) at 4:32

2nd period

2. Thunderbirds , Anthony Richard 22 (Dylan Sikura 28, Dylan Blujus 12) at 8:10
3. Comets , Mason Marchment 19 (Conor Garland 43, Brett Howden 37) at 11:38
4. Thunderbirds , Trey Fix-Wolansky 16 (Dylan Blujus 13, Matt Roy 18) at 14:39
5. Comets , Eeli Tolvanen 7 (Nicolas Roy 14, David Kase 4) at 16:55
6. Thunderbirds , Dylan Sikura 23 (Anthony Richard 34) at 17:35

Penalties :
Dylan Blujus (Spr) for Interference (Minor) at 0:45

3rd period

7. Comets , Nicolas Roy 12 (David Kase 5, Wyatt Kalynuk 23) at 7:21
8. Comets , John Hayden 12 (Alexandre Texier 21, Cristiano Digiacinto 6) at 10:29
9. Comets , Brett Howden 21 (Conor Garland 44) at 13:15
10. Comets , Joonas Donskoi 34 (Brett Seney 42, Valeri Nichushkin 45) at 13:31
11. Comets , Valeri Nichushkin 21 (Joonas Donskoi 41, Brett Seney 43) at 13:39 (PP)
12. Thunderbirds , Noah Gregor 16 (Emil Bemstrom 27, Artturi Lehkonen 19) at 15:29
13. Thunderbirds , Trey Fix-Wolansky 17 (Sami Niku 27, Rasmus Kupari 14) at 17:01
14. Comets , Valeri Nichushkin 22 (Conor Garland 45, Brett Seney 44) at 19:29 (Empty Net)

Penalties :
Joachim Blichfeld (Spr) for Holding (Minor) at 13:34

Goalie Stats

Juuse Saros (Uti), 33 saves from 39 shots - (0.846), W, 26-16-5, 60:00 minutes
Marc-André Fleury (Spr), 31 saves from 38 shots - (0.816), L, 3-2-0, 59:31 minutes

Players Stats for Comets

Player Name              G  A  P  +/- PIM S  H  SB GA TA FO     MP     PP MP  PK MP  
------------------------------------------------------------------------------------
Alex Turcotte            0  0  0   0  0   0  0  0  0  0  0/0     0:00   0:00   0:00 
Alexandre Texier         0  1  1   0  0   2  1  1  1  0  0/1    13:04   0:02   0:00 
Brett Howden             1  1  2   0  0   5  1  1  1  1  8/21   17:56   3:02   0:00 
Brett Seney              0  3  3   0  0   5  2  0  0  0  13/32  21:07   3:00   0:00 
Christian Wolanin        0  0  0  -1  0   3  3  0  0  1  0/0    24:47   3:07   0:00 
Conor Garland            0  3  3   1  0   3  0  0  0  0  0/1    18:31   3:00   0:00 
Cristiano Digiacinto     0  1  1   0  0   0  1  1  2  2  0/0    12:58   0:00   0:00 
David Kase               0  2  2   1  0   1  0  0  0  0  0/0     7:59   0:00   0:00 
Eeli Tolvanen            1  0  1   1  0   3  0  0  1  0  0/0     7:59   0:00   0:00 
Filip Roos               0  0  0   0  0   1  0  0  0  0  0/0    14:03   0:00   0:00 
Jake Bean                0  0  0  -1  0   1  0  1  0  2  0/0    24:31   3:07   0:00 
John Hayden              1  0  1   0  0   1  1  0  0  0  5/11   12:58   0:00   0:00 
Jonathan Kovacevic       0  0  0   0  0   0  1  0  0  0  0/0     0:31   0:00   0:00 
Joonas Donskoi           1  1  2  -1  0   4  0  0  0  0  1/1    20:26   3:00   0:00 
Marcus Bjork             0  0  0   2  0   0  0  1  1  0  0/0    21:10   2:55   0:00 
Mason Marchment          1  0  1   0  0   2  1  0  0  0  0/2    17:56   3:02   0:00 
Nicolas Roy              1  1  2   1  0   3  1  0  0  0  0/3     7:59   0:00   0:00 
Valeri Nichushkin        2  1  3   0  0   4  2  1  0  1  0/0    21:07   3:00   0:00 
Vincent Desharnais       0  0  0   0  0   0  2  1  0  0  0/0    14:03   0:00   0:00 
Wyatt Kalynuk            0  1  1   2  0   1  0  2  0  0  0/0    20:55   2:55   0:00 

Players Stats for Thunderbirds

Player Name              G  A  P  +/- PIM S  H  SB GA TA FO     MP     PP MP  PK MP  
------------------------------------------------------------------------------------
Anthony Richard          1  2  3   2  0   8  2  1  0  0  8/13   17:15   0:00   2:23 
Artturi Lehkonen         0  1  1   1  0   1  0  0  0  1  1/1    10:24   0:00   0:16 
Dylan Blujus             0  2  2   2  4   1  2  1  0  0  0/0    21:04   0:00   1:34 
Dylan Sikura             1  2  3   2  0   7  1  1  1  0  1/2    17:03   0:00   2:11 
Emil Bemstrom            0  1  1   1  0   1  0  0  1  0  1/1    10:08   0:00   0:00 
Frederic Allard          0  0  0  -1  0   1  0  2  0  0  0/0    16:57   0:00   3:33 
Henri Jokiharju          0  0  0  -1  0   0  0  4  0  2  0/0    24:38   0:00   3:17 
Jeremy Lauzon            0  0  0  -2  2   2  0  0  0  0  0/0    27:15   0:00   2:04 
Joachim Blichfeld        0  0  0  -5  2   4  1  0  1  0  1/2    20:43   0:00   0:00 
Matt Roy                 0  1  1   2  0   0  0  0  1  1  0/0    16:36   0:00   1:13 
Michael Rasmussen        1  0  1   2  0   1  2  0  0  1  1/1    13:53   0:00   0:00 
Noah Gregor              1  0  1   1  0   1  2  1  1  0  7/15   13:21   0:00   3:13 
Paul Cotter              0  0  0   1  0   0  0  0  1  0  0/0     8:14   0:00   0:00 
Pierre Engvall           0  0  0  -5  0   1  1  0  1  0  2/4    23:39   0:00   2:55 
Rasmus Kupari            0  1  1   1  0   3  0  0  0  0  1/1     8:21   0:00   0:07 
Rourke Chartier          0  0  0  -5  0   3  1  2  0  1  22/32  20:44   0:00   0:00 
Sami Niku                0  1  1  -2  0   1  0  0  0  0  0/0    14:26   0:00   0:23 
Trey Fix-Wolansky        2  0  2   1  0   4  0  0  0  0  0/0     9:13   0:00   0:59 

3 Stars

1 - Valeri Nichushkin (Uti)
2 - Anthony Richard (Spr)
3 - Dylan Sikura (Spr)

Power Play

Comets - 1 on 4 Attempt(s) - 25.00%
Thunderbirds - 0 on 0 Attempt(s) - 0.00%

Penalty Kill

Comets - 0 on 0 Attempt(s) - 0.00% - Score 0 goal in Penalty Kill
Thunderbirds - 3 on 4 Attempt(s) - 75.00% - Score 0 goal in Penalty Kill

Team Stat

Comets - Hits : 16 - Faceoff Wins : 27 - Blocked Shots : 9 - Penalty Minutes : 0
Thunderbirds - Hits : 12 - Faceoff Wins : 45 - Blocked Shots : 12 - Penalty Minutes : 8

Official

Referees : Conor O'Donnell and Corey Syvret
Linesman : Bryan Pancich and Brian Mach

Game Notes

13:53 of 3rd period - Thunderbirds goal is going for a video replay. After video review, No Goal. The goalkeeper has been pushed into the net together with the puck after making a save.
Valeri Nichushkin has scored in a empty net!

Finance

Level 1 -- Attendance: 1854 (92.70%) -- Ticket Income $129,780
Level 2 -- Attendance: 858 (85.80%) -- Ticket Income $34,320
Total Attendance: 2712 (90.40%)
Total Ticket Income: $164,100
Other Income: $8,205
Total Income: $172,305

Comets

5 vs 5 Forward 
   Center                   Left Wing                Right Wing               Time % Phy DF OF 
 1 Brett Seney              Valeri Nichushkin        Joonas Donskoi           35     0   2  3  
 2 Brett Howden             Mason Marchment          Conor Garland            30     0   2  3  
 3 John Hayden              Cristiano Digiacinto     Alexandre Texier         25     0   2  3  
 4 Nicolas Roy              Eeli Tolvanen            David Kase               10     0   2  3  

5 vs 5 Defense 
   Defense                  Defense                                           Time % Phy DF OF 
 1 Christian Wolanin        Jake Bean                                         38     0   3  2  
 2 Wyatt Kalynuk            Marcus Bjork                                      34     0   3  2  
 3 Vincent Desharnais       Filip Roos                                        28     0   3  2  
 4 Jonathan Kovacevic       Christian Wolanin                                 0      0   3  2  

PowerPlay Forward 
   Center                   Left Wing                Right Wing               Time % Phy DF OF 
 1 Brett Seney              Valeri Nichushkin        Joonas Donskoi           60     0   1  4  
 2 Brett Howden             Mason Marchment          Conor Garland            40     0   1  4  

PowerPlay Defense
   Defense                  Defense                                           Time % Phy DF OF 
 1 Christian Wolanin        Jake Bean                                         60     0   2  3  
 2 Wyatt Kalynuk            Marcus Bjork                                      40     0   2  3  

Penalty Kill 4 Players Forward 
   Center                   Wing                     Time % Phy DF OF 
 1 Brett Seney              Valeri Nichushkin        60     1   3  1  
 2 Brett Howden             Mason Marchment          40     1   3  1  

Penalty Kill 4 Players Defense
   Defense                  Defense                  Time % Phy DF OF 
 1 Christian Wolanin        Jake Bean                60     1   4  0  
 2 Wyatt Kalynuk            Marcus Bjork             40     1   4  0  

Penalty Kill - 3 Players Forward 
   Forward                                           Time % Phy DF OF 
 1 Brett Seney                                       60     1   3  1  
 2 Brett Howden                                      40     1   3  1  

Penalty Kill - 3 Players Defense
   Defense                  Defense                  Time % Phy DF OF 
 1 Christian Wolanin        Jake Bean                60     1   4  0  
 2 Wyatt Kalynuk            Marcus Bjork             40     1   4  0  

4 vs 4 Forward 
   Center                   Wing                     Time % Phy DF OF 
 1 Brett Seney              Valeri Nichushkin        60     0   2  3  
 2 Brett Howden             Mason Marchment          40     0   2  3  

4 vs 4 Defense
   Defense                  Defense                  Time % Phy DF OF 
 1 Christian Wolanin        Jake Bean                60     0   3  2  
 2 Wyatt Kalynuk            Marcus Bjork             40     0   3  2  

Last Minutes Offensive
   Center                   Left Wing                Right Wing               Defense                  Defense                  
   Brett Seney              Valeri Nichushkin        Conor Garland            Christian Wolanin        Jake Bean                

Last Minutes Defensive
   Center                   Left Wing                Right Wing               Defense                  Defense                  
   Brett Seney              Valeri Nichushkin        Conor Garland            Christian Wolanin        Jake Bean                

Goaltenders
Starting : Juuse Saros              
Backup : Akira Schmid             

Extra Forwards
Normal : Mason Marchment, Brett Howden, Alexandre Texier - PP : Mason Marchment, Brett Howden - PK : Mason Marchment
Extra Defensemen
Normal : Vincent Desharnais, Filip Roos, Jonathan Kovacevic - PP : Vincent Desharnais - PK : Vincent Desharnais, Filip Roos
Penalty Shots
Valeri Nichushkin, Conor Garland, Brett Seney, Joonas Donskoi, Mason Marchment
Custom OT Lines Forwards
Valeri Nichushkin, Conor Garland, Brett Seney, Joonas Donskoi, Mason Marchment, Brett Howden, Alexandre Texier, Cristiano Digiacinto, Eeli Tolvanen, John Hayden
Custom OT Lines Defensemen
Christian Wolanin, Jake Bean, Wyatt Kalynuk, Marcus Bjork, Vincent Desharnais

Scratches
Ilya Lyubushkin (Strained Groin Injury), Nikita Nesterenko (Healthy), Graeme Clarke (Healthy)

Thunderbirds

5 vs 5 Forward 
   Center                   Left Wing                Right Wing               Time % Phy DF OF 
 1 Rourke Chartier          Pierre Engvall           Joachim Blichfeld        40     1   2  2  
 2 Anthony Richard          Michael Rasmussen        Dylan Sikura             30     1   2  2  
 3 Noah Gregor              Artturi Lehkonen         Emil Bemstrom            20     1   2  2  
 4 Rasmus Kupari            Paul Cotter              Trey Fix-Wolansky        10     1   2  2  

5 vs 5 Defense 
   Defense                  Defense                                           Time % Phy DF OF 
 1 Jeremy Lauzon            Henri Jokiharju                                   40     1   2  2  
 2 Dylan Blujus             Matt Roy                                          30     1   2  2  
 3 Frederic Allard          Sami Niku                                         20     1   2  2  
 4 Jeremy Lauzon            Dylan Blujus                                      10     1   2  2  

PowerPlay Forward 
   Center                   Left Wing                Right Wing               Time % Phy DF OF 
 1 Rourke Chartier          Michael Rasmussen        Joachim Blichfeld        60     1   2  2  
 2 Anthony Richard          Pierre Engvall           Emil Bemstrom            40     1   2  2  

PowerPlay Defense
   Defense                  Defense                                           Time % Phy DF OF 
 1 Sami Niku                Jeremy Lauzon                                     60     1   2  2  
 2 Matt Roy                 Henri Jokiharju                                   40     1   2  2  

Penalty Kill 4 Players Forward 
   Center                   Wing                     Time % Phy DF OF 
 1 Noah Gregor              Pierre Engvall           60     1   2  2  
 2 Anthony Richard          Dylan Sikura             40     1   2  2  

Penalty Kill 4 Players Defense
   Defense                  Defense                  Time % Phy DF OF 
 1 Henri Jokiharju          Jeremy Lauzon            60     1   2  2  
 2 Dylan Blujus             Frederic Allard          40     1   2  2  

Penalty Kill - 3 Players Forward 
   Forward                                           Time % Phy DF OF 
 1 Noah Gregor                                       60     1   2  2  
 2 Anthony Richard                                   40     1   2  2  

Penalty Kill - 3 Players Defense
   Defense                  Defense                  Time % Phy DF OF 
 1 Dylan Blujus             Henri Jokiharju          60     1   2  2  
 2 Jeremy Lauzon            Frederic Allard          40     1   2  2  

4 vs 4 Forward 
   Center                   Wing                     Time % Phy DF OF 
 1 Rourke Chartier          Michael Rasmussen        60     1   2  2  
 2 Anthony Richard          Pierre Engvall           40     1   2  2  

4 vs 4 Defense
   Defense                  Defense                  Time % Phy DF OF 
 1 Henri Jokiharju          Dylan Blujus             60     1   2  2  
 2 Matt Roy                 Jeremy Lauzon            40     1   2  2  

Last Minutes Offensive
   Center                   Left Wing                Right Wing               Defense                  Defense                  
   Rourke Chartier          Pierre Engvall           Joachim Blichfeld        Jeremy Lauzon            Sami Niku                

Last Minutes Defensive
   Center                   Left Wing                Right Wing               Defense                  Defense                  
   Noah Gregor              Artturi Lehkonen         Pierre Engvall           Henri Jokiharju          Frederic Allard          

Goaltenders
Starting : Marc-André Fleury        
Backup : Emil Larmi               

Extra Forwards
Normal : Rasmus Kupari, Dylan Sikura, Trey Fix-Wolansky - PP : Noah Gregor, Artturi Lehkonen - PK : Trey Fix-Wolansky
Extra Defensemen
Normal : Frederic Allard, Sami Niku, Jeremy Lauzon - PP : Sami Niku - PK : Frederic Allard, Dylan Blujus
Penalty Shots
Rourke Chartier, Anthony Richard, Joachim Blichfeld, Trey Fix-Wolansky, Rasmus Kupari
Custom OT Lines Forwards
Rourke Chartier, Pierre Engvall, Dylan Sikura, Joachim Blichfeld, Anthony Richard, Noah Gregor, Artturi Lehkonen, Michael Rasmussen, Emil Bemstrom, Paul Cotter
Custom OT Lines Defensemen
Jeremy Lauzon, Henri Jokiharju, Dylan Blujus, Frederic Allard, Matt Roy

Scratches
Nathan Smith (Healthy), Calen Addison (Healthy), Jared McIsaac (Healthy), Alex Vlasic (Healthy), Jakob Pelletier (Healthy)
Nicholas Robertson (Healthy), Arturs Silovs (Healthy)

% Time on Ice - Comets

Lines # - Real PCT - Wanted PCT - Time Play
Normal Forward
1 - 33% - 35% - 17:26
2 - 28% - 30% - 14:54
3 - 24% - 25% - 12:58
4 - 15% - 10% - 7:59
Normal Defense
1 - 39% - 38% - 20:43
2 - 34% - 34% - 18:00
3 - 26% - 28% - 14:03
4 - 1% - 0% - 0:31
PP Forward
1 - 50% - 60% - 3:00
2 - 50% - 40% - 3:02
PP Defense
1 - 52% - 60% - 3:07
2 - 48% - 40% - 2:55
PK Forward
1 - 0% - 60%
2 - 0% - 40%
PK Defense
1 - 0% - 60%
2 - 0% - 40%
PK3 Forward
1 - 0% - 60%
2 - 0% - 40%
PK3 Defense
1 - 0% - 60%
2 - 0% - 40%
44 Forward
1 - 0% - 60%
2 - 0% - 40%
44 Defense
1 - 0% - 60%
2 - 0% - 40%
Last Minute Offensive  - 0:00
Last Minute Defensive  - 0:41
Total
Forward - 60:00
Defense - 60:00

% Time on Ice - Thunderbirds

Lines # - Real PCT - Wanted PCT - Time Play
Normal Forward
1 - 38% - 40% - 20:00
2 - 28% - 30% - 14:52
3 - 19% - 20% - 10:08
4 - 15% - 10% - 8:14
Normal Defense
1 - 40% - 40% - 21:21
2 - 31% - 30% - 16:31
3 - 23% - 20% - 12:07
4 - 6% - 10% - 3:15
PP Forward
1 - 0% - 60%
2 - 0% - 40%
PP Defense
1 - 0% - 60%
2 - 0% - 40%
PK Forward
1 - 64% - 60% - 3:51
2 - 36% - 40% - 2:11
PK Defense
1 - 39% - 60% - 2:22
2 - 61% - 40% - 3:40
PK3 Forward
1 - 0% - 60%
2 - 0% - 40%
PK3 Defense
1 - 0% - 60%
2 - 0% - 40%
44 Forward
1 - 0% - 60%
2 - 0% - 40%
44 Defense
1 - 0% - 60%
2 - 0% - 40%
Last Minute Offensive  - 0:44
Last Minute Defensive  - 0:00
Total
Forward - 60:00
Defense - 60:00

Play-by-Play

1st period


0:01 of 1st period - Rourke Chartier wins face-off versus Brett Seney in neutral zone.
0:17 of 1st period - Minor Penalty to Jeremy Lauzon for Interference.
0:18 of 1st period - Noah Gregor wins face-off versus Brett Seney in Thunderbirds zone.
0:56 of 1st period - Wrist shot by Mason Marchment.
0:56 of 1st period - Shot Misses the Net.
0:58 of 1st period - Snap shot by Conor Garland.
0:58 of 1st period - Stopped by Marc-André Fleury without a rebound.
0:59 of 1st period - Brett Seney wins face-off versus Noah Gregor in Thunderbirds zone.
1:29 of 1st period - Slapshot by Christian Wolanin.
1:29 of 1st period - Shot Blocked by Henri Jokiharju.
1:31 of 1st period - Snap shot by Brett Howden.
1:31 of 1st period - Shot Blocked by Henri Jokiharju.
1:42 of 1st period - Icing by Jake Bean.
1:43 of 1st period - Noah Gregor wins face-off versus Brett Seney in Comets zone.
2:07 of 1st period - Slapshot by Mason Marchment.
2:07 of 1st period - Stopped by Marc-André Fleury with a rebound.
2:09 of 1st period - Slapshot by Wyatt Kalynuk.
2:09 of 1st period - Shot Misses the Net.
2:11 of 1st period - Snap shot by Wyatt Kalynuk.
2:11 of 1st period - Shot Blocked by Frederic Allard.
2:17 of 1st period - Penalty to Jeremy Lauzon is over, Jeremy Lauzon is back on ice.
2:27 of 1st period - Wrist shot by Rasmus Kupari.
2:27 of 1st period - Shot Blocked by Wyatt Kalynuk.
2:29 of 1st period - Snap shot by Dylan Blujus.
2:29 of 1st period - Stopped by Juuse Saros without a rebound.
2:30 of 1st period - Rourke Chartier wins face-off versus John Hayden in Comets zone.
2:33 of 1st period - Snap shot by Joachim Blichfeld.
2:33 of 1st period - Stopped by Juuse Saros with a rebound.
2:35 of 1st period - Slapshot by Jeremy Lauzon.
2:35 of 1st period - Stopped by Juuse Saros without a rebound.
2:36 of 1st period - Rourke Chartier wins face-off versus Brett Howden in Comets zone.
2:37 of 1st period - Wrist shot by Joachim Blichfeld.
2:37 of 1st period - Stopped by Juuse Saros with a rebound.
2:53 of 1st period - Slapshot by Rourke Chartier.
2:53 of 1st period - Shot Blocked by Brett Howden.
3:23 of 1st period - Slapshot by Rourke Chartier.
3:23 of 1st period - Shot Misses the Net.
3:25 of 1st period - Snap shot by Pierre Engvall.
3:25 of 1st period - Stopped by Juuse Saros with a rebound.
4:03 of 1st period - Wrist shot by Rourke Chartier.
4:03 of 1st period - Deflect By Joachim Blichfeld.
4:03 of 1st period - Shot Misses the Net.
4:03 of 1st period - Puck is out of play.
4:04 of 1st period - Brett Howden wins face-off versus Anthony Richard in Comets zone.
4:32 of 1st period - Minor Penalty to Dylan Blujus for Roughing.
4:33 of 1st period - Brett Howden wins face-off versus Noah Gregor in Thunderbirds zone.
6:32 of 1st period - Penalty to Dylan Blujus is over, Dylan Blujus is back on ice.
6:57 of 1st period - Snap shot by Anthony Richard.
6:57 of 1st period - Stopped by Juuse Saros with a rebound.
6:59 of 1st period - Slapshot by Frederic Allard.
6:59 of 1st period - Deflect By Dylan Sikura.
6:59 of 1st period - Stopped by Juuse Saros with a rebound.
7:24 of 1st period - Wrist shot by Dylan Sikura.
7:24 of 1st period - Stopped by Juuse Saros with a rebound.
7:26 of 1st period - Slapshot by Frederic Allard.
7:26 of 1st period - Stopped by Juuse Saros without a rebound.
7:27 of 1st period - Noah Gregor wins face-off versus John Hayden in Comets zone.
7:28 of 1st period - Wrist shot by Emil Bemstrom.
7:28 of 1st period - Shot Misses the Net.
7:34 of 1st period - Slapshot by Christian Wolanin.
7:34 of 1st period - Shot Misses the Net.
7:36 of 1st period - Slapshot by Christian Wolanin.
7:36 of 1st period - Deflect By Jeremy Lauzon.
7:36 of 1st period - Stopped by Marc-André Fleury with a rebound.
7:38 of 1st period - Snap shot by Christian Wolanin.
7:38 of 1st period - Stopped by Marc-André Fleury with a rebound.
7:40 of 1st period - Slapshot by Jake Bean.
7:40 of 1st period - Deflect By Alexandre Texier.
7:40 of 1st period - Shot Blocked by Noah Gregor.
7:40 of 1st period - Puck is out of play.
7:41 of 1st period - Rourke Chartier wins face-off versus Brett Howden in Thunderbirds zone.
8:39 of 1st period - Matt Roy is hit by Brett Seney and loses puck.
8:54 of 1st period - Wrist shot by Brett Howden.
8:54 of 1st period - Stopped by Marc-André Fleury with a rebound.
10:17 of 1st period - Icing by Pierre Engvall.
10:18 of 1st period - Brett Seney wins face-off versus Rourke Chartier in Thunderbirds zone.
11:12 of 1st period - Slapshot by Dylan Sikura.
11:12 of 1st period - Stopped by Juuse Saros without a rebound.
11:13 of 1st period - Anthony Richard wins face-off versus Brett Seney in Comets zone.
11:14 of 1st period - Slapshot by Dylan Sikura.
11:14 of 1st period - Stopped by Juuse Saros without a rebound.
11:15 of 1st period - Anthony Richard wins face-off versus Brett Seney in Comets zone.
11:18 of 1st period - Snap shot by Dylan Sikura.
11:18 of 1st period - Stopped by Juuse Saros with a rebound.
11:49 of 1st period - Slapshot by Anthony Richard.
11:49 of 1st period - Stopped by Juuse Saros with a rebound.
12:13 of 1st period - Wrist shot by Anthony Richard.
12:13 of 1st period - Shot Misses the Net.
12:15 of 1st period - Slapshot by Sami Niku.
12:15 of 1st period - Stopped by Juuse Saros with a rebound.
12:17 of 1st period - Slapshot by Anthony Richard.
12:17 of 1st period - Stopped by Juuse Saros with a rebound.
12:19 of 1st period - Snap shot by Anthony Richard.
12:19 of 1st period - Stopped by Juuse Saros with a rebound.
12:25 of 1st period - Slapshot by Dylan Sikura.
12:25 of 1st period - Stopped by Juuse Saros without a rebound.
12:26 of 1st period - Rourke Chartier wins face-off versus Mason Marchment in Comets zone.
13:15 of 1st period - Snap shot by David Kase.
13:15 of 1st period - Stopped by Marc-André Fleury with a rebound.
13:19 of 1st period - Wrist shot by Eeli Tolvanen.
13:19 of 1st period - Stopped by Marc-André Fleury with a rebound.
13:21 of 1st period - Slapshot by Filip Roos.
13:21 of 1st period - Stopped by Marc-André Fleury with a rebound.
13:23 of 1st period - Wrist shot by Eeli Tolvanen.
13:23 of 1st period - Stopped by Marc-André Fleury without a rebound.
13:24 of 1st period - Rourke Chartier wins face-off versus Conor Garland in Thunderbirds zone.
13:51 of 1st period - Henri Jokiharju is hit by Vincent Desharnais and loses puck.
14:58 of 1st period - Noah Gregor is hit by Brett Howden and loses puck.
15:17 of 1st period - Brett Seney is hit by Noah Gregor and loses puck.
16:58 of 1st period - Slapshot by Brett Seney.
16:58 of 1st period - Shot Misses the Net.
18:45 of 1st period - Slapshot by Brett Howden.
18:45 of 1st period - Shot Misses the Net.
18:47 of 1st period - Slapshot by Conor Garland.
18:47 of 1st period - Stopped by Marc-André Fleury with a rebound.
19:34 of 1st period - Noah Gregor is hit by Jonathan Kovacevic and loses puck.
19:51 of 1st period - Icing by Frederic Allard.
19:52 of 1st period - Artturi Lehkonen wins face-off versus Brett Howden in Thunderbirds zone.
19:57 of 1st period - Wrist shot by Dylan Sikura.
19:57 of 1st period - Shot Misses the Net.
19:59 of 1st period - Wrist shot by Michael Rasmussen.
19:59 of 1st period - Goal by Michael Rasmussen - Comets : 0 - Thunderbirds : 1.
Goals for this period are 0 for Comets vs 1 for Thunderbirds.
Shots for this period are 10 for Comets vs 18 for Thunderbirds.

2nd period


0:01 of 2nd period - Brett Seney wins face-off versus Rourke Chartier in neutral zone.
0:04 of 2nd period - Rourke Chartier is hit by Valeri Nichushkin and loses puck.
0:14 of 2nd period - Snap shot by Joonas Donskoi.
0:14 of 2nd period - Stopped by Marc-André Fleury with a rebound.
0:16 of 2nd period - Snap shot by Brett Seney.
0:16 of 2nd period - Stopped by Marc-André Fleury without a rebound.
0:17 of 2nd period - Anthony Richard wins face-off versus Brett Howden in Thunderbirds zone.
0:45 of 2nd period - Minor Penalty to Dylan Blujus for Interference.
0:46 of 2nd period - Noah Gregor wins face-off versus Brett Seney in Thunderbirds zone.
1:59 of 2nd period - Frederic Allard is hit by Christian Wolanin and loses puck.
2:45 of 2nd period - Penalty to Dylan Blujus is over, Dylan Blujus is back on ice.
2:59 of 2nd period - Slapshot by Rasmus Kupari.
2:59 of 2nd period - Stopped by Juuse Saros with a rebound.
3:01 of 2nd period - Snap shot by Trey Fix-Wolansky.
3:01 of 2nd period - Stopped by Juuse Saros without a rebound.
3:02 of 2nd period - Anthony Richard wins face-off versus Nicolas Roy in Comets zone.
3:27 of 2nd period - Wrist shot by Brett Seney.
3:27 of 2nd period - Shot Misses the Net.
3:29 of 2nd period - Wrist shot by Valeri Nichushkin.
3:29 of 2nd period - Shot Hit the Post.
3:31 of 2nd period - Slapshot by Vincent Desharnais.
3:31 of 2nd period - Shot Misses the Net.
3:33 of 2nd period - Snap shot by Valeri Nichushkin.
3:33 of 2nd period - Stopped by Marc-André Fleury without a rebound.
3:34 of 2nd period - Rourke Chartier wins face-off versus Brett Seney in Thunderbirds zone.
4:23 of 2nd period - Snap shot by John Hayden.
4:23 of 2nd period - Shot Misses the Net.
4:25 of 2nd period - Slapshot by Vincent Desharnais.
4:25 of 2nd period - Shot Blocked by Frederic Allard.
6:22 of 2nd period - Icing by Pierre Engvall.
6:23 of 2nd period - Rourke Chartier wins face-off versus John Hayden in Thunderbirds zone.
6:28 of 2nd period - Wyatt Kalynuk is hit by Pierre Engvall and loses puck.
7:27 of 2nd period - Snap shot by Joachim Blichfeld.
7:27 of 2nd period - Shot Blocked by Marcus Bjork.
7:49 of 2nd period - Snap shot by Joachim Blichfeld.
7:49 of 2nd period - Shot Misses the Net.
7:51 of 2nd period - Wrist shot by Rourke Chartier.
7:51 of 2nd period - Stopped by Juuse Saros with a rebound.
7:53 of 2nd period - Slapshot by Jeremy Lauzon.
7:53 of 2nd period - Deflect By Pierre Engvall.
7:53 of 2nd period - Shot Misses the Net.
7:53 of 2nd period - Puck is out of play.
7:54 of 2nd period - Brett Seney wins face-off versus Anthony Richard in Comets zone.
7:54 of 2nd period - Brett Seney is hit by Michael Rasmussen.
8:10 of 2nd period - Snap shot by Anthony Richard.
8:10 of 2nd period - Goal by Anthony Richard - Comets : 0 - Thunderbirds : 2.
8:11 of 2nd period - Brett Seney wins face-off versus Dylan Sikura in neutral zone.
8:41 of 2nd period - Wrist shot by Brett Howden.
8:41 of 2nd period - Stopped by Marc-André Fleury without a rebound.
8:42 of 2nd period - Brett Howden wins face-off versus Noah Gregor in Thunderbirds zone.
9:07 of 2nd period - Joonas Donskoi is hit by Michael Rasmussen and loses puck.
9:30 of 2nd period - Snap shot by Trey Fix-Wolansky.
9:30 of 2nd period - Shot Blocked by Wyatt Kalynuk.
9:40 of 2nd period - Slapshot by John Hayden.
9:40 of 2nd period - Shot Misses the Net.
9:42 of 2nd period - Slapshot by Wyatt Kalynuk.
9:42 of 2nd period - Stopped by Marc-André Fleury with a rebound.
9:52 of 2nd period - Snap shot by Nicolas Roy.
9:52 of 2nd period - Stopped by Marc-André Fleury without a rebound.
9:53 of 2nd period - Rourke Chartier wins face-off versus Nicolas Roy in Thunderbirds zone.
10:28 of 2nd period - Wrist shot by Valeri Nichushkin.
10:28 of 2nd period - Shot Misses the Net.
10:30 of 2nd period - Wrist shot by Jake Bean.
10:30 of 2nd period - Shot Misses the Net.
10:43 of 2nd period - Slapshot by Jeremy Lauzon.
10:43 of 2nd period - Stopped by Juuse Saros without a rebound.
10:44 of 2nd period - Noah Gregor wins face-off versus Brett Howden in Comets zone.
11:09 of 2nd period - Snap shot by Anthony Richard.
11:09 of 2nd period - Stopped by Juuse Saros with a rebound.
11:14 of 2nd period - Icing by Conor Garland.
11:15 of 2nd period - Anthony Richard wins face-off versus Brett Howden in Comets zone.
11:38 of 2nd period - Wrist shot by Mason Marchment.
11:38 of 2nd period - Goal by Mason Marchment - Comets : 1 - Thunderbirds : 2.
11:39 of 2nd period - Brett Seney wins face-off versus Pierre Engvall in neutral zone.
11:42 of 2nd period - Rourke Chartier is hit by Christian Wolanin and loses puck.
12:05 of 2nd period - Henri Jokiharju is hit by Cristiano Digiacinto and loses puck.
12:45 of 2nd period - Icing by Conor Garland.
12:46 of 2nd period - Emil Bemstrom wins face-off versus Nicolas Roy in Comets zone.
12:47 of 2nd period - Snap shot by Artturi Lehkonen.
12:47 of 2nd period - Stopped by Juuse Saros with a rebound.
12:55 of 2nd period - Slapshot by Eeli Tolvanen.
12:55 of 2nd period - Deflect By Nicolas Roy.
12:55 of 2nd period - Shot Misses the Net.
12:55 of 2nd period - Puck is out of play.
12:56 of 2nd period - Rourke Chartier wins face-off versus Brett Seney in Thunderbirds zone.
13:34 of 2nd period - Wrist shot by Conor Garland.
13:34 of 2nd period - Shot Blocked by Dylan Sikura.
13:46 of 2nd period - Wrist shot by Rasmus Kupari.
13:46 of 2nd period - Stopped by Juuse Saros with a rebound.
13:48 of 2nd period - Slapshot by Trey Fix-Wolansky.
13:48 of 2nd period - Deflect By Jake Bean.
13:48 of 2nd period - Stopped by Juuse Saros without a rebound.
13:49 of 2nd period - Rasmus Kupari wins face-off versus Alexandre Texier in Comets zone.
13:50 of 2nd period - Backhand shot by Trey Fix-Wolansky.
13:50 of 2nd period - Shot Misses the Net.
14:15 of 2nd period - Wyatt Kalynuk is hit by Dylan Blujus and loses puck.
14:26 of 2nd period - Matt Roy is hit by John Hayden and loses puck.
14:39 of 2nd period - Snap shot by Trey Fix-Wolansky.
14:39 of 2nd period - Goal by Trey Fix-Wolansky - Comets : 1 - Thunderbirds : 3.
14:40 of 2nd period - Rourke Chartier wins face-off versus Brett Seney in neutral zone.
14:49 of 2nd period - Backhand shot by Jake Bean.
14:49 of 2nd period - Deflect By Brett Seney.
14:49 of 2nd period - Shot Misses the Net.
14:49 of 2nd period - Puck is out of play.
14:50 of 2nd period - Brett Seney wins face-off versus Rourke Chartier in Thunderbirds zone.
15:03 of 2nd period - Snap shot by Joonas Donskoi.
15:03 of 2nd period - Stopped by Marc-André Fleury with a rebound.
15:05 of 2nd period - Snap shot by Valeri Nichushkin.
15:05 of 2nd period - Stopped by Marc-André Fleury with a rebound.
15:07 of 2nd period - Slapshot by Christian Wolanin.
15:07 of 2nd period - Deflect By Jeremy Lauzon.
15:07 of 2nd period - Stopped by Marc-André Fleury without a rebound.
15:08 of 2nd period - Anthony Richard wins face-off versus Brett Howden in Thunderbirds zone.
15:50 of 2nd period - Jake Bean is hit by Dylan Blujus and loses puck.
16:53 of 2nd period - Wrist shot by Nicolas Roy.
16:53 of 2nd period - Stopped by Marc-André Fleury with a rebound.
16:55 of 2nd period - Snap shot by Eeli Tolvanen.
16:55 of 2nd period - Goal by Eeli Tolvanen - Comets : 2 - Thunderbirds : 3.
16:56 of 2nd period - Brett Seney wins face-off versus Rourke Chartier in neutral zone.
17:09 of 2nd period - Slapshot by Brett Seney.
17:09 of 2nd period - Stopped by Marc-André Fleury without a rebound.
17:10 of 2nd period - Pierre Engvall wins face-off versus Brett Howden in Thunderbirds zone.
17:25 of 2nd period - Snap shot by Joachim Blichfeld.
17:25 of 2nd period - Shot Misses the Net.
17:27 of 2nd period - Snap shot by Joachim Blichfeld.
17:27 of 2nd period - Stopped by Juuse Saros without a rebound.
17:28 of 2nd period - Anthony Richard wins face-off versus Brett Seney in Comets zone.
17:35 of 2nd period - Snap shot by Anthony Richard.
17:35 of 2nd period - Deflect By Dylan Sikura.
17:35 of 2nd period - Goal by Dylan Sikura - Comets : 2 - Thunderbirds : 4.
17:36 of 2nd period - Brett Seney wins face-off versus Rourke Chartier in neutral zone.
18:00 of 2nd period - Icing by Valeri Nichushkin.
18:01 of 2nd period - Brett Seney wins face-off versus Anthony Richard in Comets zone.
18:23 of 2nd period - Icing by Conor Garland.
18:24 of 2nd period - Rourke Chartier wins face-off versus John Hayden in Comets zone.
18:27 of 2nd period - Wrist shot by Joachim Blichfeld.
18:27 of 2nd period - Shot Misses the Net.
18:35 of 2nd period - Snap shot by Rourke Chartier.
18:35 of 2nd period - Shot Blocked by Jake Bean.
Goals for this period are 2 for Comets vs 3 for Thunderbirds.
Shots for this period are 13 for Comets vs 12 for Thunderbirds.

3rd period


0:01 of 3rd period - Joachim Blichfeld wins face-off versus Brett Seney in neutral zone.
0:10 of 3rd period - Snap shot by Joachim Blichfeld.
0:10 of 3rd period - Stopped by Juuse Saros without a rebound.
0:11 of 3rd period - Brett Seney wins face-off versus Rourke Chartier in Comets zone.
0:20 of 3rd period - Snap shot by Brett Seney.
0:20 of 3rd period - Shot Blocked by Rourke Chartier.
1:23 of 3rd period - Snap shot by Brett Seney.
1:23 of 3rd period - Stopped by Marc-André Fleury without a rebound.
1:24 of 3rd period - Rourke Chartier wins face-off versus Brett Howden in Thunderbirds zone.
1:30 of 3rd period - Off-side.
1:31 of 3rd period - Rourke Chartier wins face-off versus Brett Howden in neutral zone.
1:42 of 3rd period - Sami Niku is hit by Mason Marchment and loses puck.
2:39 of 3rd period - Snap shot by Anthony Richard.
2:39 of 3rd period - Stopped by Juuse Saros without a rebound.
2:40 of 3rd period - John Hayden wins face-off versus Pierre Engvall in Comets zone.
3:06 of 3rd period - Noah Gregor is hit by Vincent Desharnais and loses puck.
3:13 of 3rd period - Wrist shot by Valeri Nichushkin.
3:13 of 3rd period - Shot Misses the Net.
3:47 of 3rd period - Jake Bean is hit by Rourke Chartier and loses puck.
4:14 of 3rd period - Snap shot by Christian Wolanin.
4:14 of 3rd period - Shot Misses the Net.
4:20 of 3rd period - Mason Marchment is hit by Dylan Sikura and loses puck.
4:47 of 3rd period - Wrist shot by Brett Seney.
4:47 of 3rd period - Deflect By Joonas Donskoi.
4:47 of 3rd period - Shot Misses the Net.
4:47 of 3rd period - Puck is out of play.
4:48 of 3rd period - Rourke Chartier wins face-off versus Brett Seney in Thunderbirds zone.
5:15 of 3rd period - Noah Gregor is hit by Alexandre Texier and loses puck.
5:42 of 3rd period - Trey Fix-Wolansky is hit by Nicolas Roy and loses puck.
5:49 of 3rd period - Snap shot by David Kase.
5:49 of 3rd period - Shot Misses the Net.
6:26 of 3rd period - Vincent Desharnais is hit by Anthony Richard and loses puck.
6:51 of 3rd period - Snap shot by Conor Garland.
6:51 of 3rd period - Stopped by Marc-André Fleury with a rebound.
6:53 of 3rd period - Wrist shot by Brett Howden.
6:53 of 3rd period - Stopped by Marc-André Fleury without a rebound.
6:54 of 3rd period - Brett Howden wins face-off versus Rourke Chartier in Thunderbirds zone.
7:19 of 3rd period - Slapshot by Wyatt Kalynuk.
7:19 of 3rd period - Shot Misses the Net.
7:21 of 3rd period - Snap shot by David Kase.
7:21 of 3rd period - Deflect By Nicolas Roy.
7:21 of 3rd period - Goal by Nicolas Roy - Comets : 3 - Thunderbirds : 4.
7:22 of 3rd period - Rourke Chartier wins face-off versus Brett Seney in neutral zone.
8:32 of 3rd period - Slapshot by Brett Seney.
8:32 of 3rd period - Shot Blocked by Rourke Chartier.
8:34 of 3rd period - Slapshot by Marcus Bjork.
8:34 of 3rd period - Deflect By Joonas Donskoi.
8:34 of 3rd period - Shot Blocked by Henri Jokiharju.
8:34 of 3rd period - Puck is out of play.
8:35 of 3rd period - Dylan Sikura wins face-off versus Brett Howden in Thunderbirds zone.
9:01 of 3rd period - Matt Roy is hit by Christian Wolanin and loses puck.
9:33 of 3rd period - Slapshot by Jake Bean.
9:33 of 3rd period - Stopped by Marc-André Fleury without a rebound.
9:34 of 3rd period - Brett Howden wins face-off versus Anthony Richard in Thunderbirds zone.
9:35 of 3rd period - Snap shot by Conor Garland.
9:35 of 3rd period - Shot Misses the Net.
9:37 of 3rd period - Slapshot by Filip Roos.
9:37 of 3rd period - Deflect By Brett Howden.
9:37 of 3rd period - Shot Blocked by Anthony Richard.
9:37 of 3rd period - Puck is out of play.
9:38 of 3rd period - Anthony Richard wins face-off versus Mason Marchment in Thunderbirds zone.
10:27 of 3rd period - Snap shot by Alexandre Texier.
10:27 of 3rd period - Shot Blocked by Dylan Blujus.
10:29 of 3rd period - Snap shot by John Hayden.
10:29 of 3rd period - Goal by John Hayden - Comets : 4 - Thunderbirds : 4.
10:30 of 3rd period - Pierre Engvall wins face-off versus Brett Seney in neutral zone.
10:38 of 3rd period - Wrist shot by Joonas Donskoi.
10:38 of 3rd period - Stopped by Marc-André Fleury without a rebound.
10:39 of 3rd period - Rourke Chartier wins face-off versus Brett Seney in Thunderbirds zone.
10:58 of 3rd period - Snap shot by Rourke Chartier.
10:58 of 3rd period - Stopped by Juuse Saros without a rebound.
10:59 of 3rd period - Michael Rasmussen wins face-off versus Brett Howden in Comets zone.
11:34 of 3rd period - Wrist shot by Brett Seney.
11:34 of 3rd period - Stopped by Marc-André Fleury with a rebound.
11:46 of 3rd period - Snap shot by Emil Bemstrom.
11:46 of 3rd period - Shot Blocked by Cristiano Digiacinto.
12:12 of 3rd period - Slapshot by Jake Bean.
12:12 of 3rd period - Shot Misses the Net.
12:27 of 3rd period - Snap shot by Anthony Richard.
12:27 of 3rd period - Deflect By Dylan Sikura.
12:27 of 3rd period - Shot Misses the Net.
12:27 of 3rd period - Puck is out of play.
12:28 of 3rd period - Brett Seney wins face-off versus Rourke Chartier in Comets zone.
12:57 of 3rd period - Off-side.
12:58 of 3rd period - Brett Howden wins face-off versus Anthony Richard in neutral zone.
13:07 of 3rd period - Slapshot by Brett Howden.
13:07 of 3rd period - Stopped by Marc-André Fleury without a rebound.
13:08 of 3rd period - Brett Howden wins face-off versus Rourke Chartier in Thunderbirds zone.
13:15 of 3rd period - Wrist shot by Brett Howden.
13:15 of 3rd period - Goal by Brett Howden - Comets : 5 - Thunderbirds : 4.
13:16 of 3rd period - Joonas Donskoi wins face-off versus Joachim Blichfeld in neutral zone.
13:29 of 3rd period - Wrist shot by Brett Seney.
13:29 of 3rd period - Shot Blocked by Henri Jokiharju.
13:31 of 3rd period - Wrist shot by Joonas Donskoi.
13:31 of 3rd period - Goal by Joonas Donskoi - Comets : 6 - Thunderbirds : 4.
13:32 of 3rd period - Rourke Chartier wins face-off versus Brett Seney in neutral zone.
13:34 of 3rd period - Minor Penalty to Joachim Blichfeld for Holding.
13:35 of 3rd period - Brett Seney wins face-off versus Noah Gregor in Thunderbirds zone.
13:37 of 3rd period - Snap shot by Joonas Donskoi.
13:37 of 3rd period - Shot Misses the Net.
13:39 of 3rd period - Snap shot by Valeri Nichushkin.
13:39 of 3rd period - Goal by Valeri Nichushkin - Comets : 7 - Thunderbirds : 4.
13:40 of 3rd period - Rourke Chartier wins face-off versus Brett Seney in neutral zone.
13:43 of 3rd period - Slapshot by Jeremy Lauzon.
13:43 of 3rd period - Shot Blocked by Valeri Nichushkin.
13:51 of 3rd period - Snap shot by Joachim Blichfeld.
13:51 of 3rd period - Shot Misses the Net.
13:53 of 3rd period - Snap shot by Rourke Chartier.
13:53 of 3rd period - Thunderbirds goal is going for a video replay.
13:53 of 3rd period - The goal is refused. The goalkeeper has been pushed into the net together with the puck after making a save..
13:54 of 3rd period - Brett Howden wins face-off versus Rourke Chartier in Comets zone.
13:54 of 3rd period - Brett Howden is hit by Joachim Blichfeld.
14:20 of 3rd period - Michael Rasmussen is hit by Valeri Nichushkin and loses puck.
14:30 of 3rd period - Wrist shot by Anthony Richard.
14:30 of 3rd period - Stopped by Juuse Saros without a rebound.
14:31 of 3rd period - Rourke Chartier wins face-off versus John Hayden in Comets zone.
15:19 of 3rd period - Off-side.
15:20 of 3rd period - Noah Gregor wins face-off versus Brett Howden in neutral zone.
15:27 of 3rd period - Snap shot by Emil Bemstrom.
15:27 of 3rd period - Shot Blocked by Vincent Desharnais.
15:29 of 3rd period - Snap shot by Noah Gregor.
15:29 of 3rd period - Goal by Noah Gregor - Comets : 7 - Thunderbirds : 5.
15:30 of 3rd period - John Hayden wins face-off versus Noah Gregor in neutral zone.
15:37 of 3rd period - Snap shot by Cristiano Digiacinto.
15:37 of 3rd period - Deflect By Alexandre Texier.
15:37 of 3rd period - Stopped by Marc-André Fleury without a rebound.
15:38 of 3rd period - John Hayden wins face-off versus Noah Gregor in Thunderbirds zone.
15:39 of 3rd period - Wrist shot by Alexandre Texier.
15:39 of 3rd period - Stopped by Marc-André Fleury with a rebound.
15:44 of 3rd period - Off-side.
15:45 of 3rd period - Noah Gregor wins face-off versus John Hayden in neutral zone.
15:48 of 3rd period - Wyatt Kalynuk is hit by Noah Gregor and loses puck.
15:53 of 3rd period - Snap shot by Emil Bemstrom.
15:53 of 3rd period - Stopped by Juuse Saros with a rebound.
16:11 of 3rd period - Pierre Engvall is hit by Brett Seney and loses puck.
16:43 of 3rd period - Mason Marchment is hit by Anthony Richard.
16:57 of 3rd period - Wrist shot by Rasmus Kupari.
16:57 of 3rd period - Stopped by Juuse Saros with a rebound.
17:01 of 3rd period - Slapshot by Trey Fix-Wolansky.
17:01 of 3rd period - Goal by Trey Fix-Wolansky - Comets : 7 - Thunderbirds : 6.
17:02 of 3rd period - John Hayden wins face-off versus Noah Gregor in neutral zone.
17:15 of 3rd period - Snap shot by Artturi Lehkonen.
17:15 of 3rd period - Shot Blocked by Alexandre Texier.
18:54 of 3rd period - Wrist shot by Brett Seney.
18:54 of 3rd period - Stopped by Marc-André Fleury without a rebound.
18:55 of 3rd period - Teemu Selanne call a timeout for Thunderbirds.
18:55 of 3rd period - Rourke Chartier wins face-off versus Brett Seney in Thunderbirds zone.
19:00 of 3rd period - Thunderbirds, Marc-André Fleury is pulled from the net.
19:19 of 3rd period - Icing by Jake Bean.
19:20 of 3rd period - Rourke Chartier wins face-off versus Brett Seney in Comets zone.
19:29 of 3rd period - Wrist shot by Valeri Nichushkin.
19:29 of 3rd period - Goal by Valeri Nichushkin - Comets : 8 - Thunderbirds : 6.
19:29 of 3rd period - Marc-André Fleury from Thunderbirds was sent back in the game.
19:30 of 3rd period - John Hayden wins face-off versus Noah Gregor in neutral zone.
Goals for this period are 6 for Comets vs 2 for Thunderbirds.
Shots for this period are 16 for Comets vs 9 for Thunderbirds. Output by the SimonT Hockey Simulator (STHS) for Francois Prevost - Original Page W3C HTML5 Valid
Hockey Simulator - Hockey Simulation - Hockey Manager